 Dungeon Crawl Stone Soup version 0.25-a0-576-g50b708a4c4 (console) character file.

Game seed: 7070233727750273075, levelgen mode: deterministic

26 utis the Shooter (level 3, -2/20 HPs)
             Began as a Tengu Arcane Marksman on Mar 1, 2020.
             Slain by Terence
             ... wielding a +4 short sword of electrocution
              (11 damage)
             ... on level 1 of the Dungeon.
             The game lasted 00:03:07 (2204 turns).

utis the Shooter (Tengu Arcane Marksman)            Turns: 2204, Time: 00:03:08

Health: -2/20      AC:  2    Str: 10    XL:     3   Next: 8%
Magic:  5/5        EV: 13    Int: 14    God:
Gold:   13         SH:  0    Dex: 14    Spells: 1/4 levels left

rFire    . . .     SeeInvis .   a - +1 mace (protect)
rCold    . . .     Gourm    .   (no shield)
rNeg     . . .     Faith    .   e - +0 robe
rPois    .         Spirit   .   (helmet restricted)
rElec    .         Reflect  .   (no cloak)
rCorr    .         Harm     .   (no gloves)
MR       .....                  (boots unavailable)
Stlth    +.........             (no amulet)
HPRegen  0.06/turn              (no ring)
MPRegen  0.09/turn              (no ring)

@: no status effects
A: beak, talons 3
a: no special abilities


You were on level 1 of the Dungeon.
You were hungry.

You visited 1 branch of the dungeon, and saw 2 of its levels.

You collected 13 gold pieces.

Inventory:

Hand Weapons
 a - a +1 mace of protection (weapon)
 h - a +0 club
 i - a +0 dagger
 k - a +0 spear
 l - a +0 shortbow
 p - a +2 dagger of venom
Missiles
 b - 23 sling bullets
 c - 20 stones (quivered)
 d - 48 arrows
Armour
 e - a +0 robe (worn)
Jewellery
 j - an uncursed ring of stealth {unknown}
 o - an uncursed ring of protection from fire {unknown}
Scrolls
 m - a scroll of teleportation {unknown}
 n - a scroll of enchant armour {unknown}
Potions
 g - a potion of curing {@q1}
Comestibles
 f - 2 rations {@e1}


   Skills:
 - Level 1.0 Fighting
 + Level 3.1 Bows
 + Level 3.1 Dodging
 - Level 1.0 Spellcasting
 - Level 2.1 Hexes


You had one spell level left.
You knew the following spells:

 Your Spells              Type           Power        Failure   Level  Hunger
a - Corona                Hex            #......      11%         1    ##.....
w - Slow                  Hex            #.......     16%         2    ###....

Your spell library contained the following spells:

 Spells                   Type           Power        Failure   Level  Hunger
 Inner Flame              Hex/Fire       #.......     45%         3    ####...
 Portal Projectile        Hex/Tloc       #.....       45%         3    ####...
 Cause Fear               Hex            #.........   71%         4    #####..
 Leda's Liquefaction      Hex/Erth       #.........   86%         4    #####..


Dungeon Overview and Level Annotations

Branches:
Dungeon (2/15)

Altars:

Annotations:
D:1 Terence


Innate Abilities, Weirdness & Mutations

You have a beak for a mouth.
You have claws for feet.


Message History

p - a runed dagger
Okay, then.
(D) Dungeon
Where to? (Enter - D:1 @ (x,y), ? - help)
There is a stone staircase leading down here.
You climb downwards.
A leopard gecko and Terence come into view.
Terence is wielding a +4 short sword of electrocution.
The leopard gecko hisses angrily.
Terence shouts!
Found a leather armour.
There is a stone staircase leading up here.
Unknown command.
Terence hits you but does no damage.
You are electrocuted!
You climb upwards.
There is a stone staircase leading down here.
Terence hits you with a +4 short sword of electrocution.
* * * LOW HITPOINT WARNING * * *
You are electrocuted!
Ouch! That really hurt!
You die...

...+░░░░░░░░'................░
..............░░░░░░░░░░░░...░
░.░.░░░░░░░.░................░
░.░.░ ░.░.░░░░░░░░░░░....░ ░.░.░
░.░.......░...░....░ ░.░.░
░.░░░░░░░.░.░.░.░.░░ ░.░.░
░.░.....░.░.░.░.░.░ ░.░.░
░░░░.░.░░░.░.░.░.░.░.░ ░.░.░
░......░>Q.....░.░.░.░ ░.░.░
░......░@░.░.░.░.░.░.░
░.░.░░░░......░.░.░.░.░.░.░.░░░░
░[░.......░.░.░...░.░.░.░.░....░
░.░░░░░░░.░.░.░░░░░.░.░.░.░....░
░.░ ░.░.░.........░.░.░÷...░
░.░░░░░░░.░.░░░░░░░.░...░.░.░░░░
░.░.......░.░ ░.░.░░░.░.░
░.░.░░░░░░░.░ ░.░.░░░.░.░


You could see Terence.

Vanquished Creatures
  A gnoll (D:1)
  2 goblins (D:1)
  2 hobgoblins (D:1)
  3 bats (D:1)
  2 frilled lizards (D:1)
  3 kobolds (D:1)
  6 rats (D:1)
19 creatures vanquished.

Notes
Turn   | Place    | Note
-------+----------+-------------------------------------------
     0 | D:1      | utis the Tengu Arcane Marksman began the quest for the Orb.
     0 | D:1      | Reached XP level 1. HP: 12/12 MP: 3/3
   825 | D:1      | Reached XP level 2. HP: 16/16 MP: 2/4
   829 | D:1      | Learned a level 2 spell: Slow
  1666 | D:1      | Reached XP level 3. HP: 20/20 MP: 2/5
  2201 | D:2      | Noticed Terence
  2204 | D:1      | Slain by Terence

Levels and vault maps discovered:
D:1:      psy_arrival_conway, layout_basic, minivault_11
D:2:      layout_loops_ring, uniq_crazy_yiuf_cottage, uniq_jessica,
          uniq_natasha, uniq_terence

Skill      XL: |  1  2 |
---------------+-------+-----
Bows           | 3 |  3.1
Dodging        | 3 |  3.1
Fighting       | |  1.0
Spellcasting   | |  1.0
Hexes          | |  2.1

Action                   || total
-------------------------++-------
Melee: Hand axe          ||    45
       Kick              ||    12
       Peck              ||     5
       Mace              ||     3
Throw: Stone             ||     1
 Cast: Corona            ||    25
       Slow              ||     1
  Use: Scroll            ||     3
  Eat: Chunk             ||     4
Armor: Robe              ||    10
Dodge: Dodged            ||    35

Table legend:
 A = Non-vault XP
 B = Vault XP
 C = Vault XP percentage of total XP
 D = Non-vault monster count
 E = Vault monster count
 F = Vault count percentage of total count
                 A         B        C        D         E       F
            +---------+---------+-------+---------+---------+-------
      Total |      38 |       0 |   0.0 |      19 |       0 |   0.0
            +---------+---------+-------+---------+---------+-------
        D:1 |      38 |       0 |   0.0 |      19 |       0 |   0.0
            +---------+---------+-------+---------+---------+-------
